 Dungeon Crawl Stone Soup version 0.30-a0-777-ga9a30cbeda (console) character file.

Game seed: 6403717188257537843

78 rlgrobin the Insei (level 4, -1/35 HPs)
             Began as a Mummy Monk on Feb 14, 2023.
             Slain by a scorpion (6 damage)
             ... in an ossuary.
             The game lasted 00:05:42 (2532 turns).

rlgrobin the Insei (Mummy Monk)                     Turns: 2532, Time: 00:05:43

Health: -1/35      AC:  2    Str: 14    XL:     4   Next: 15%
Magic:  4/4        EV: 12    Int:  9    God:
Gold:   167        SH:  0    Dex: 16    Spells: 3/3 levels left

rFire   x . .      SeeInvis .      - Unarmed
rCold   + . .      Faith    +    (no shield)
rNeg    + + +      Spirit   .    (no body armour)
rPois   ∞          Reflect  .    e - +0 helmet
rElec   .          Harm     .    (no cloak)
rCorr   .          Rampage  .    a - +0 pair of gloves
Will    .....                    (no boots)
Stlth   ++                       (no amulet)
HPRegen 0.25/turn                (no ring)
MPRegen 0.09/turn                (no ring)

@: no status effects
A: cold resistance 1, negative energy resistance 3, torment resistance 2, heat
vulnerability 1, in touch with death 1, no potions, faith
a: no special abilities


You were in an ossuary.
You visited 1 branch of the dungeon, and saw 4 of its levels.
You also visited: Ossuary.

You collected 167 gold pieces.

Inventory:

Armour
 a - a +0 pair of gloves (worn)
 e - a +0 helmet (worn)
Scrolls
 c - a scroll of blinking {unknown}
 d - a scroll of vulnerability
 f - a scroll of identify
 g - a scroll of fear {unknown}


   Skills:
 - Level 3.0 Fighting
 - Level 2.4 Dodging
 - Level 1.5 Stealth
 + Level 4.1 Unarmed Combat


You had 3 spell levels left.
You didn't know any spells.
Your spell library contained the following spells:

 Spells                   Type           Power      Damage    Failure   Level
 Animate Armour           Summ/Erth      0%         N/A       99%         4
 Iron Shot                Conj/Erth      0%         9d1       100%        6
 Blade Hands              Tmut           Unusable   N/A       N/A         5

Dungeon Overview and Level Annotations

Branches:
Dungeon (4/15)            Ossuary (1/1)
 Temple: D:4-7

Altars:

Shops:
D:1 ?

Annotations:
D:3 Sigmund, Terence
D:4 Dowan, Eustachio


Innate Abilities, Weirdness & Mutations

You are immune to poison.
Your flesh is cold resistant. (rC+)
You are immune to negative energy. (rN+++)
You are immune to unholy pain and torment.
You are vulnerable to heat. (rF-)
You are in touch with the powers of death.
You do not drink.
You have a special connection with the divine. (Faith)


Message History

The scorpion is moderately wounded.
The scorpion stings you.
You closely miss the scorpion.
The scorpion is moderately wounded.
The scorpion stings you.
You closely miss the scorpion.
The scorpion is moderately wounded.
The scorpion stings you!
You hit the scorpion.
The scorpion is heavily wounded.
The scorpion barely misses you.
You closely miss the scorpion.
The scorpion is moderately wounded.
The scorpion stings you.
You hit the scorpion.
The scorpion is heavily wounded.
The scorpion stings you.
You barely miss the scorpion.
The scorpion is heavily wounded.
The scorpion misses you.
You closely miss the scorpion.
The scorpion is heavily wounded.
The scorpion stings you!
* * * LOW HITPOINT WARNING * * *
You closely miss the scorpion.
The scorpion is heavily wounded.
The scorpion stings you.
* * * LOW HITPOINT WARNING * * *
The scorpion stings you.
* * * LOW HITPOINT WARNING * * *
You barely miss the scorpion.
The scorpion is heavily wounded.
The scorpion stings you but does no damage.
You hit the scorpion but do no damage.
The scorpion is heavily wounded.
The scorpion misses you.
You barely miss the scorpion.
The scorpion is heavily wounded.
The scorpion stings you.
You die...

#########
#...#...#
#.∩.'.∩.#
#...#...#
######@##
#.s.#
.8...#
.......#
##8...8##
#.......
#...8...
#...#...


You could see a scorpion.

Vanquished Creatures
  An adder (D:2)
  3 dart slugs (D:1)
  An orc (D:3)
  6 bats
  4 endoplasms
  4 giant cockroaches
  7 goblins
  6 hobgoblins
  4 jackals (D:2)
  3 quokkas
  3 ball pythons
  3 frilled lizards
  A hobgoblin zombie (Ossuary)
  4 kobolds
  5 rats
55 creatures vanquished.

Notes
Turn   | Place    | Note
-------+----------+-------------------------------------------
     0 | D:1      | rlgrobin the Mummy Monk began the quest for the Orb.
     0 | D:1      | Reached XP level 1. HP: 18/18 MP: 1/1
   144 | D:1      | Reached skill level 3 in Unarmed Combat
   144 | D:1      | Reached XP level 2. HP: 11/24 MP: 2/2
   650 | D:1      | Found Necihi's Magic Scroll Shoppe.
  1009 | D:2      | Gained mutation: You are in touch with the powers of death.
                  | [Mummy growth]
  1009 | D:2      | Reached XP level 3. HP: 29/29 MP: 3/3
  1552 | D:2      | Reached skill level 4 in Unarmed Combat
  2059 | D:3      | Noticed Sigmund
  2135 | D:3      | Noticed Terence
  2186 | D:3      | Reached XP level 4. HP: 35/35 MP: 4/4
  2409 | D:4      | Noticed Dowan
  2423 | D:4      | Noticed Eustachio
  2437 | D:4      | Found a sand-covered staircase.
  2450 | Ossuary  | Entered an ossuary
  2483 | Ossuary  | Noticed a scorpion
  2532 | Ossuary  | Slain by a scorpion

Illustrated notes

Levels and vault maps discovered:
D:1:      amcnicky_arrival_flooded_fountain, layout_loops_ring, serial_shops,
          nicolae_lakefront_shop, minmay_misc_feat_five, nrook_loot_triangle
D:2:      layout_basic
D:3:      minmay_goblin_kobold_castle, layout_basic, uniq_sigmund, uniq_terence
D:4:      layout_rooms, nicolae_ossuary_entry_monument, uniq_eustachio,
          uniq_pikel, uniq_duvessa, uniq_natasha
Ossuary:  ossuary_minmay_scorpions

Skill      XL: |  1  2  3 |
---------------+----------+-----
Unarmed Combat | 3 4 |  4.1
Fighting       | |  3.0
Dodging        | |  2.4
Stealth        | |  1.5

Action                     |  1- 3 |  4- 6 || total
---------------------------+-------+-------++-------
  Melee: Unarmed           |   168 |    38 ||   206
         Punch             |     3 |     2 ||     5
    Use: Scroll            |     2 |     3 ||     5
   Stab: Sleeping          |     7 |       ||     7
 Armour: Skin              |    11 |     1 ||    12
  Dodge: Dodged            |   112 |    22 ||   134

Table legend: (Time is in decaauts)
 A = Elapsed time spent in this place.
 B = Non-inter-level travel time spent in this place.
 C = Inter-level travel time spent in this place.
 D = Time resting spent in this place.
 E = Time spent auto-exploring this place.
 F = Levels seen in this place.
 G = Mean time per level.
                   A        B        C        D        E       F      G
               +--------+--------+--------+--------+--------+-----+--------+
         Total |   2516 |   2412 |    104 |    329 |   1424 |   5 |  503.2 |
       Dungeon |   2436 |   2332 |    104 |    289 |   1424 |   4 |  609.0 |
       Ossuary |     80 |     80 |      0 |     40 |      0 |   1 |   80.0 |
               +--------+--------+--------+--------+--------+-----+--------+

Top non-repeatable levels by time:
     D:1: 999 daAuts
     D:2: 982 daAuts
     D:3: 399 daAuts
 Ossuary: 80 daAuts
     D:4: 55 daAuts
